 Dungeon Crawl Stone Soup version 0.31-a0-1598-g94871bc2e8 (webtiles) character file.

Game seed: 4551252828197760545

21 Dirtsage the Changeling (level 2, -1/18 HPs)
             Began as an Octopode Shapeshifter on Jan 8, 2024.
             Slain by a ribbon worm (8 damage)
             ... on level 2 of the Dungeon.
             The game lasted 00:01:24 (899 turns).

Dirtsage the Changeling (Octopode Shapeshifter)      Turns: 899, Time: 00:01:24

Health: -1/18      AC:  1    Str: 13    XL:     2   Next: 87%
Magic:  2/2        EV: 13    Int: 12    God:
Gold:   79         SH:  0    Dex: 11    Spells: 1/1 levels left

rFire   . .          .
                       - Unarmed
rCold   . . .        (no shield)
rNeg    . . .        (helmet currently unavailable)
rPois   .            (no amulet)
rElec   .            S - ring of see invisible
rCorr   .            (no ring)
SInv    +            (no ring)
Will    .....        (no ring)
Stlth   ++           (no ring)
HPRegen 0.23/turn    (no ring)
MPRegen 0.08/turn    (no ring)
                     (no ring)

%: no passive effects
@: beast-form
A: beast (slay +2), almost no armour, amphibious, 8 rings, camouflage 1,
gelatinous body 1, (nimble swimmer 1), tentacles
a: Begin Untransformation


You were on level 2 of the Dungeon.
You were a hulking beast.
You visited 1 branch of the dungeon, and saw 2 of its levels.

You collected 79 gold pieces.

Inventory:

Jewellery
 S - a ring of see invisible (left tentacle)
Talismans
 b - a beast talisman
 c - a flux talisman
Scrolls
 d - 2 scrolls of identify {unknown}
 e - 2 scrolls of amnesia {unknown}
 g - 2 scrolls of teleportation {unknown}
 h - a scroll of vulnerability {unknown}
 i - a scroll of fear {unknown}
 j - a scroll of enchant armour {unknown}
 k - a scroll of enchant weapon {unknown}
 m - a scroll of poison {unknown}
Potions
 a - a potion of lignification
 f - a potion of brilliance {unknown}
 l - a potion of attraction {unknown}


   Skills:
 - Level 1.0 Fighting
 - Level 2.0 Dodging
 - Level 3.0 Unarmed Combat
 + Level 3.8 Shapeshifting


You had one spell level left.
You didn't know any spells.
Your spell library was empty.

Dungeon Overview and Level Annotations

Branches:
Dungeon (2/15)

Altars:

Shops:
D:1 =


Innate Abilities, Weirdness & Mutations

You are a hulking beast.
Your limbs bulge with bestial killing power. (Slay +2)
You cannot wear most types of armour.
You are amphibious.
You can wear up to eight rings at the same time.
Your skin changes colour to match your surroundings (Stealth+).
Your rubbery body absorbs attacks. (AC +1, EV +1)
((You are camouflaged when in or above water. (Stealth+)))
You have tentacles for arms and can constrict up to eight enemies at once.


Message History

You kill the kobold!
No target in view!
No target in view!
Things that are here:
a +0 short sword; 5 stones; a kobold corpse Done exploring.
Done exploring.
There is a stone staircase leading down here.
You climb downwards.
There is a stone staircase leading up here.
h - a scroll labelled YMORINNADA You now have 57 gold pieces (gained 2).
You see here 7 stones.
i - a scroll labelled BYTOLIWASI You now have 64 gold pieces (gained 7).
j - a scroll labelled BAHEWN CIOS
k - a scroll labelled MEBBEESTRUHOC
g - 2 scrolls labelled HIRO PUAPRORE (gained 1)
You now have 79 gold pieces (gained 15).
l - a silvery potion
Found a stone staircase leading down.
m - a scroll labelled AXTUIN BOQERUG
There is a stone staircase leading down here.
A ribbon worm comes into view.
The helpless ribbon worm fails to defend itself.
You tentacle-slap the ribbon worm. You grab the ribbon worm.
The ribbon worm is lightly wounded.
You constrict the ribbon worm. The ribbon worm bites you!
You take 8 damage, and have 10/18 hp.
MASSIVE DAMAGE!!
You are too injured to fight recklessly!
You are too injured to fight recklessly!
You bludgeon the ribbon worm!
The ribbon worm is heavily wounded.
You constrict the ribbon worm, but do no damage.
The ribbon worm bites you.
You take 3 damage, and have 7/18 hp.
You tentacle-slap the ribbon worm but do no damage.
The ribbon worm is moderately wounded.
You constrict the ribbon worm. The ribbon worm bites you!
You die...

#######..>......
############..#..###..
#...............#.....
#..########.......###.
##...# #.#.......#.
###.######.#.......#.
#.................#.
#.#.#...###..######.
...#h# ### #.## .
###...w.# #.# #
#.#.### #.# #.#.# #.#
..... #.## .. #..#
#..# #. #.. ##.# ..
#..## #.# #### #...#
#.# #....


You could see a ribbon worm.

Vanquished Creatures
  A dart slug (D:1)
  An endoplasm (D:1)
  A giant cockroach (D:1)
  A goblin (D:1)
  7 kobolds (D:1)
  A quokka (D:1)
  2 ball pythons (D:1)
  5 bats (D:1)
  A rat (D:1)
20 creatures vanquished.

Notes
Turn   | Place    | Note
-------+----------+-------------------------------------------
     0 | D:1      | Dirtsage the Octopode Shapeshifter began the quest for the
                  | Orb.
     0 | D:1      | Reached XP level 1. HP: 13/13 MP: 1/1
   264 | D:1      | Reached XP level 2. HP: 15/18 MP: 2/2
   697 | D:1      | Found Kocwa's Jewellery Shop.
   899 | D:2      | Slain by a ribbon worm

Illustrated notes

Levels and vault maps discovered:
D:1:      scummos_arrival_gate, layout_loops_ring, serial_shops,
          nicolae_shop_tiny_real_fake_doors, serial_bayou_pond_b,
          roderic_nine_men_s_morris
D:2:      layout_rooms

Action                     || total
---------------------------++-------
  Melee: Unarmed           ||    44
         Constrict         ||    15
         Tentacles         ||     6
   Stab: Sleeping          ||     7
 Armour: Skin              ||    20
  Dodge: Dodged            ||    25

Table legend: (Time is in decaauts)
 A = Elapsed time spent in this place.
 B = Non-inter-level travel time spent in this place.
 C = Inter-level travel time spent in this place.
 D = Time resting spent in this place.
 E = Time spent auto-exploring this place.
 F = Levels seen in this place.
 G = Mean time per level.
                   A        B        C        D        E       F      G
               +--------+--------+--------+--------+--------+-----+--------+
         Total |    895 |    882 |     13 |      0 |    763 |   2 |  447.5 |
       Dungeon |    895 |    882 |     13 |      0 |    763 |   2 |  447.5 |
               +--------+--------+--------+--------+--------+-----+--------+

Top non-repeatable levels by time:
     D:1: 762 daAuts
     D:2: 133 daAuts
